 Dungeon Crawl Stone Soup version 0.28.0-47-ge53b351184 (webtiles) character file.

Game seed: 17621210235153175056

7967 Renzlar the Blocker (level 11, -14/89 HPs)
             Began as a Gnoll Fighter on May 7, 2022.
             Was a High Priest of Okawaru.
             Demolished by a boulder beetle (22 damage)
             ... on level 12 of the Dungeon on May 9, 2022.
             The game lasted 00:43:27 (11455 turns).

Renzlar the Blocker (Gnoll Fighter)                Turns: 11455, Time: 00:43:28

Health: -14/89     AC: 15    Str: 20    XL:     11   Next: 23%
Magic:  20/20      EV: 10    Int:  8    God:    Okawaru [*****.]
Gold:   629        SH: 10    Dex: 11    Spells: 22/22 levels left

rFire   . . .      SeeInvis .   a - +1 war axe (spect)
rCold   . . .      Faith    .   q - +0 kite shield
rNeg    . . .      Spirit   .   y - +1 scale mail
rPois   .          Reflect  .   g - +0 helmet
rElec   .          Harm     .   B - +0 cloak
rCorr   .          Rampage  .   s - +0 pair of gloves
Will    +....                   E - +0 pair of boots
Stlth   ++........              (no amulet)
HPRegen 0.24/turn               h - ring of willpower
MPRegen 0.17/turn               (no ring)

@: no status effects
A: fangs 1, strong nose, distributed training
a: Renounce Religion, Heroism, Finesse, Duel


You were on level 12 of the Dungeon.
You worshipped Okawaru.
Okawaru was extremely pleased with you.
You visited 2 branches of the dungeon, and saw 13 of its levels.
You also visited: Bailey.

You collected 629 gold pieces.

Inventory:

Hand Weapons
 a - a +1 spectral war axe (weapon)
 b - a +4 spear of freezing
 c - a +0 hunting sling
 j - the +5 mace "Lerr" {antimagic, Int+2}
   (You found it in a bailey)

   It reduces the magical energy of the wielder, and disrupts the spells and
   magical abilities of those it strikes.
   Natural abilities and divine invocations are not affected.
   Int:       It affects your intelligence (+2).
 z - a +2 dagger of electrocution
 C - a +0 hand crossbow
Missiles
 f - 17 poisoned darts (quivered)
 i - 148 stones
 r - 69 bolts
 F - 42 sling bullets
 N - a throwing net
Armour
 g - a +0 helmet (worn)
 q - a +0 kite shield (worn)
 s - a +0 pair of gloves (worn)
 y - a +1 scale mail (worn)
 B - a +0 cloak (worn)
 E - a +0 pair of boots (worn)
Jewellery
 h - a ring of willpower (left hand)
 t - a ring of flight
 G - a +6 ring of intelligence
 J - a ring of willpower
Wands
 m - a wand of digging (10)
 o - a wand of iceblast (22)
 u - a wand of paralysis (8)
 x - a wand of polymorph (8)
 D - a wand of mindburst (3)
 M - a wand of flame (5)
Scrolls
 e - 7 scrolls of teleportation
 k - a scroll of enchant weapon
 w - a scroll of enchant armour
 K - a scroll of silence
Potions
 d - 3 potions of might
 l - 2 potions of mutation
 n - 3 potions of invisibility
 p - a potion of heal wounds
 v - 3 potions of curing
 A - 3 potions of lignification
 H - a potion of cancellation
 L - a potion of resistance
Miscellaneous
 I - a lightning rod (4/4)


   Skills:
 + Level 9.0 Fighting
 + Level 6.1 Short Blades
 + Level 6.1 Long Blades
 + Level 7.7 Axes
 + Level 6.1 Maces & Flails
 + Level 6.1 Polearms
 + Level 6.1 Staves
 + Level 6.1 Slings
 + Level 6.1 Bows
 + Level 6.1 Crossbows
 + Level 6.1 Throwing
 + Level 9.0 Armour
 + Level 6.1 Dodging
 + Level 6.1 Stealth
 + Level 9.0 Shields
 + Level 6.1 Unarmed Combat
 + Level 6.1 Spellcasting
 + Level 5.0 Conjurations
 + Level 5.0 Hexes
 + Level 5.0 Summonings
 + Level 5.0 Necromancy
 + Level 5.0 Translocations
 + Level 5.0 Transmutations
 + Level 5.0 Fire Magic
 + Level 5.0 Ice Magic
 + Level 5.0 Air Magic
 + Level 5.0 Earth Magic
 + Level 5.0 Poison Magic
 + Level 6.7 Invocations
 + Level 6.1 Evocations


You had 22 spell levels left.
You didn't know any spells.
Your spell library contained the following spells:

 Spells                   Type           Power      Damage    Failure   Level
 Foxfire                  Conj/Fire      40%        2x1d6     17%         1
 Magic Dart               Conj           40%        1d5       17%         1
 Sandblast                Erth           20%        2d7       17%         1
 Ensorcelled Hibernation  Hex/Ice        20%        N/A       26%         2
 Passwall                 Tmut/Erth      8%         N/A       26%         2
 Static Discharge         Conj/Air       10%        N/A       26%         2
 Conjure Flame            Conj/Fire      10%        6-21      45%         3
 Inner Flame              Hex/Fire       10%        N/A       45%         3
 Mephitic Cloud           Conj/Pois/Air  10%        N/A       45%         3
 Portal Projectile        Hex/Tloc       20%        N/A       45%         3
 Spider Form              Tmut/Pois      10%        N/A       45%         3
 Stone Arrow              Conj/Erth      20%        3d8       45%         3
 Anguish                  Hex/Necr       5%         N/A       86%         4
 Dispel Undead            Necr           10%        3d9       86%         4
 Flame Wave               Conj/Fire      10%        2d5       86%         4
 Leda's Liquefaction      Hex/Erth       5%         N/A       86%         4
 Sticky Flame             Conj/Fire      10%        2d3       86%         4
 Lehudib's Crystal Spear  Conj/Erth      5%         10d3      100%        8
 Call Imp                 Summ           Unusable   N/A       N/A         2
 Call Canine Familiar     Summ           Unusable   N/A       N/A         3
 Animate Armour           Summ/Erth      Unusable   N/A       N/A         4

Dungeon Overview and Level Annotations

Branches:
Dungeon (13/15)            Temple (1/1) D:5          Bailey (visited)
   Lair: D:8-11         Orc: D:9-12      Vaults: D:13-14

Altars:
Cheibriados
Fedhas
Hepliaklqana
Makhleb
Nemelex Xobeh
Okawaru
Sif Muna
Uskayaw
Wu Jian
Yredelemnul
The Shining One

Shops:
D:9 *


Innate Abilities, Weirdness & Mutations

You have very sharp teeth.
Your uncanny sense of smell can sniff out nearby items.
Your experience applies equally to all skills.


Message History

You shoot a stone. The stone hits the boulder beetle.
The boulder beetle is lightly wounded.
The boulder beetle curls into a ball and begins rolling!
Unknown command.
You shoot a stone. The stone hits the boulder beetle.
The boulder beetle is moderately wounded.
You feel a bond with your +1 spectral war axe.
a - a +1 spectral war axe (weapon)
The boulder beetle hits you!!!
The boulder beetle stops rolling and uncurls.
You hear a bellow!
You hear a roar!
Unknown command.
You hit the boulder beetle.
You bite the boulder beetle, but do no damage.
The boulder beetle is heavily wounded.
Your +1 spectral war axe hits the boulder beetle but does no damage.
The boulder beetle bites you!
Unknown command.
You hit the boulder beetle but do no damage.
The boulder beetle is heavily wounded.
Your +1 spectral war axe hits the boulder beetle but does no damage.
The boulder beetle bites your +1 spectral war axe.
Your spectral weapon shares its damage with you!
Unknown command.
You hit the boulder beetle.
You bite the boulder beetle, but do no damage.
The boulder beetle is heavily wounded.
Your +1 spectral war axe hits the boulder beetle!
The boulder beetle bites you!
Unknown command.
You hit the boulder beetle.
The boulder beetle is severely wounded.
Your +1 spectral war axe hits the boulder beetle but does no damage.
The boulder beetle bites you!!
* * * LOW HITPOINT WARNING * * *
The orc wizard gestures wildly while chanting.
The orc wizard flickers and vanishes!
Deactivating autopickup; reactivate with Ctrl-A.
The boulder beetle bites you!!
You die...

#.... #....
#.... #...( ∆
#...{ ..o
#B### #(@.##
###..# ∆
####.######
#.........#
#.........#
.............#
####.........#
#........>#
#...........#


You could see a boulder beetle (very poisoned), an orc and a friendly +1
spectral war axe (summoned).

Vanquished Creatures
  Gastronok (D:9)
  An orc knight (Bailey)
  A deep elf zephyrmancer (Bailey)
  Joseph (D:8)
  A komodo dragon (D:8)
  A wyvern (D:9)
  A yak (D:10)
  A steam dragon (D:10)
  Menkaure (D:7)
  A water moccasin (D:5)
  2 sky beasts
  A hornet zombie (D:6)
  A black bear (D:5)
  11 orc warriors
  2 necrophages
  3 centaurs
  3 kobold brigands
  8 bullfrogs
  2 gnoll sergeants
  A water moccasin zombie (D:6)
  2 scorpions (D:5)
  A wyvern skeleton (D:7)
  3 killer bees (D:9)
  10 wights (D:6)
  4 howler monkeys (D:10)
  2 electric eels (D:10)
  A centaur zombie (D:6)
  A hound (D:5)
  A gnoll shaman (D:10)
  6 orc priests
  A bullfrog skeleton (D:5)
  2 centaur skeletons
  2 scorpion zombies
  3 iguanas (D:6)
  13 orc wizards
  Natasha (D:2)
  A howler monkey zombie (D:8)
  Robin (D:3)
  11 gnolls
  6 adders
  A shadow imp (D:6)
  A white imp (D:5)
  An ufetubus (D:4)
  2 worms
  A dart slug (D:3)
  43 orcs
  7 bats
  2 endoplasms
  3 giant cockroaches
  11 goblins
  9 hobgoblins
  6 jackals
  2 quokkas
  4 ball pythons
  8 frilled lizards
  10 kobolds
  4 rats
231 creatures vanquished.

Vanquished Creatures (others)
  39 plants (D:10)
39 creatures vanquished.

Grand Total: 270 creatures vanquished

Notes
Turn   | Place    | Note
-------+----------+-------------------------------------------
     0 | D:1      | Renzlar the Gnoll Fighter began the quest for the Orb.
     0 | D:1      | Reached XP level 1. HP: 23/23 MP: 1/1
   232 | D:1      | Reached XP level 2. HP: 29/29 MP: 2/2
   240 | D:1      | Found a faded altar of an unknown god.
   648 | D:2      | Reached XP level 3. HP: 26/35 MP: 3/3
   750 | D:2      | Reached skill level 1 in Invocations
  1048 | D:2      | Reached skill level 1 in Short Blades
  1048 | D:2      | Reached skill level 1 in Long Blades
  1048 | D:2      | Reached skill level 1 in Maces & Flails
  1048 | D:2      | Reached skill level 1 in Polearms
  1048 | D:2      | Reached skill level 1 in Staves
  1048 | D:2      | Reached skill level 1 in Slings
  1048 | D:2      | Reached skill level 1 in Bows
  1048 | D:2      | Reached skill level 1 in Crossbows
  1048 | D:2      | Reached skill level 1 in Throwing
  1048 | D:2      | Reached skill level 1 in Dodging
  1048 | D:2      | Reached skill level 1 in Stealth
  1048 | D:2      | Reached skill level 1 in Unarmed Combat
  1048 | D:2      | Reached skill level 1 in Spellcasting
  1048 | D:2      | Reached skill level 1 in Evocations
  1048 | D:2      | Reached XP level 4. HP: 39/41 MP: 5/5
  1296 | D:2      | Noticed Natasha
  1303 | D:2      | Killed Natasha
  1304 | D:2      | Reached skill level 1 in Conjurations
  1304 | D:2      | Reached skill level 1 in Hexes
  1304 | D:2      | Reached skill level 1 in Summonings
  1304 | D:2      | Reached skill level 1 in Necromancy
  1304 | D:2      | Reached skill level 1 in Translocations
  1304 | D:2      | Reached skill level 1 in Transmutations
  1304 | D:2      | Reached skill level 1 in Fire Magic
  1304 | D:2      | Reached skill level 1 in Ice Magic
  1304 | D:2      | Reached skill level 1 in Air Magic
  1304 | D:2      | Reached skill level 1 in Earth Magic
  1304 | D:2      | Reached skill level 1 in Poison Magic
  1627 | D:3      | Reached XP level 5. HP: 47/47 MP: 6/6
  1869 | D:3      | Noticed Robin
  1890 | D:3      | Killed Robin
  2589 | D:4      | Reached XP level 6. HP: 53/53 MP: 8/8
  2600 | D:4      | Reached skill level 5 in Axes
  3361 | D:5      | Entered Level 5 of the Dungeon
  3460 | D:5      | Reached XP level 7. HP: 53/59 MP: 10/10
  3523 | D:5      | Noticed a +0 hand axe
  3523 | D:5      | Noticed a +0 dagger
  3534 | D:5      | Found a staircase to the Ecumenical Temple.
  3542 | D:5      | Paralysed by an orc for 6 turns
  3548 | Temple   | Entered the Ecumenical Temple
  3557 | Temple   | Became a worshipper of Warmaster Okawaru
  3704 | D:5      | Found a hide-covered altar of Uskayaw.
  3720 | D:5      | Reached * piety under Okawaru
  4034 | D:5      | Reached XP level 8. HP: 58/67 MP: 12/12
  5385 | D:6      | Reached ** piety under Okawaru
  5411 | D:6      | Reached XP level 9. HP: 48/72 MP: 14/14
  6753 | D:7      | Noticed Menkaure
  6762 | D:7      | Killed Menkaure
  7618 | D:8      | Reached *** piety under Okawaru
  7764 | D:8      | Noticed Joseph
  7788 | D:8      | Killed Joseph
  7789 | D:8      | Reached skill level 5 in Invocations
  8047 | D:8      | Noticed a komodo dragon
  8059 | D:8      | Killed a komodo dragon
  8060 | D:8      | Reached XP level 10. HP: 48/80 MP: 15/17
  8363 | D:8      | Received a gift from Okawaru
  8772 | D:9      | Found Ymimeher's Gadget Gallery.
  8863 | D:9      | Found a flagged portal.
  8888 | D:9      | Reached skill level 5 in Short Blades
  8888 | D:9      | Reached skill level 5 in Long Blades
  8888 | D:9      | Reached skill level 5 in Maces & Flails
  8888 | D:9      | Reached skill level 5 in Polearms
  8888 | D:9      | Reached skill level 5 in Staves
  8888 | D:9      | Reached skill level 5 in Slings
  8888 | D:9      | Reached skill level 5 in Bows
  8888 | D:9      | Reached skill level 5 in Crossbows
  8888 | D:9      | Reached skill level 5 in Throwing
  8888 | D:9      | Reached skill level 5 in Dodging
  8888 | D:9      | Reached skill level 5 in Stealth
  8888 | D:9      | Reached skill level 5 in Unarmed Combat
  8888 | D:9      | Reached skill level 5 in Spellcasting
  8888 | D:9      | Reached skill level 5 in Evocations
  8898 | Bailey   | Entered a bailey
  9187 | Bailey   | Noticed an orc knight
  9225 | Bailey   | Killed an orc knight
  9225 | Bailey   | Reached **** piety under Okawaru
  9492 | Bailey   | Found a large runed translucent door.
  9492 | Bailey   | Found a large runed translucent door.
  9493 | Bailey   | Noticed a deep elf zephyrmancer
  9516 | Bailey   | Killed a deep elf zephyrmancer
  9533 | Bailey   | Identified the +5 mace "Lerr" {antimagic, Int+2}
  9911 | D:9      | Noticed Gastronok
  9930 | D:9      | Killed Gastronok
  9930 | D:9      | Reached ***** piety under Okawaru
  9931 | D:9      | Reached XP level 11. HP: 55/87 MP: 19/19
 10702 | D:10     | Entered Level 10 of the Dungeon
 10705 | D:10     | Identified the +0 robe of Dithmenos's Pride {Dex+4}
 10735 | D:10     | Reached skill level 5 in Conjurations
 10735 | D:10     | Reached skill level 5 in Hexes
 10735 | D:10     | Reached skill level 5 in Summonings
 10735 | D:10     | Reached skill level 5 in Necromancy
 10735 | D:10     | Reached skill level 5 in Translocations
 10735 | D:10     | Reached skill level 5 in Transmutations
 10735 | D:10     | Reached skill level 5 in Fire Magic
 10735 | D:10     | Reached skill level 5 in Ice Magic
 10735 | D:10     | Reached skill level 5 in Air Magic
 10735 | D:10     | Reached skill level 5 in Earth Magic
 10735 | D:10     | Reached skill level 5 in Poison Magic
 11419 | D:10     | You fall into a shaft and drop 3 floors!
 11444 | D:12     | Noticed a boulder beetle
 11455 | D:12     | Demolished by a boulder beetle

Illustrated notes

Levels and vault maps discovered:
D:1:      lightli_molten_gateway, layout_rooms, basic_ecumenical_altar
D:2:      layout_basic, uniq_natasha
D:3:      layout_loops_ring, uniq_robin
D:4:      layout_gridville
D:5:      layout_rooms, dancing_weapons_uskayaw,
          minmay_temple_entry_statues_fountains
D:6:      layout_cave_pods
D:7:      layout_loops_cross, minmay_misc_feat_square, uniq_menkaure
D:8:      layout_basic, corexii_checkpoint_a, uniq_joseph
D:9:      layout_irregular_city, enter_bailey_4, nicolae_shop_gadgets,
          uniq_gastronok
D:10:     kennysheep_town
D:12:     layout_roguey, minmay_orc_entry_temple_small, uniq_maurice
D:13:     layout_long_grid, david_vaults_4
Temple:   compressed_dpeg_triangle_lava_temple

Skill      XL: |  1  2  3  4  5  6  7  8  9 10 11 |
---------------+----------------------------------+-----
Invocations    | 1 2 3 4 5 6 |  6.7
Short Blades   | 1 2 3 4 5 6 |  6.1
Long Blades    | 1 2 3 4 5 6 |  6.1
Maces & Flails | 1 2 3 4 5 6 |  6.1
Polearms       | 1 2 3 4 5 6 |  6.1
Staves         | 1 2 3 4 5 6 |  6.1
Slings         | 1 2 3 4 5 6 |  6.1
Bows           | 1 2 3 4 5 6 |  6.1
Crossbows      | 1 2 3 4 5 6 |  6.1
Throwing       | 1 2 3 4 5 6 |  6.1
Dodging        | 1 2 3 4 5 6 |  6.1
Stealth        | 1 2 3 4 5 6 |  6.1
Unarmed Combat | 1 2 3 4 5 6 |  6.1
Spellcasting   | 1 2 3 4 5 6 |  6.1
Evocations     | 1 2 3 4 5 6 |  6.1
Conjurations   | 1 2 3 4 5 |  5.0
Hexes          | 1 2 3 4 5 |  5.0
Summonings     | 1 2 3 4 5 |  5.0
Necromancy     | 1 2 3 4 5 |  5.0
Translocations | 1 2 3 4 5 |  5.0
Transmutations | 1 2 3 4 5 |  5.0
Fire Magic     | 1 2 3 4 5 |  5.0
Ice Magic      | 1 2 3 4 5 |  5.0
Air Magic      | 1 2 3 4 5 |  5.0
Earth Magic    | 1 2 3 4 5 |  5.0
Poison Magic   | 1 2 3 4 5 |  5.0
Axes           | 5 6 7 |  7.7
Fighting       | 7 8 9 |  9.0
Armour         | 7 8 9 |  9.0
Shields        | 7 8 9 |  9.0

Action                   |  1- 3 |  4- 6 |  7- 9 | 10-12 || total
-------------------------+-------+-------+-------+-------++-------
Melee: War axe           |    42 |    90 |   182 |    92 ||   406
       Bite              |     3 |    14 |    27 |    14 ||    58
       Spear             |       |       |    54 |    77 ||   131
       Dagger            |       |       |     3 |     4 ||     7
 Fire: Hunting sling     |    17 |   102 |    85 |    14 ||   218
       Hand crossbow     |       |       |    20 |    99 ||   119
Throw: Stone             |     6 |       |       |       ||     6
       Dart              |       |       |       |     5 ||     5
Invok: Heroism           |       |       |     5 |     1 ||     6
Evoke: Wand              |       |     2 |     2 |     2 ||     6
  Use: Scroll            |       |     8 |     7 |     5 ||    20
       Potion            |       |       |     5 |     4 ||     9
 Stab: Invisible         |       |       |       |     1 ||     1
Armor: Scale mail        |    10 |    61 |    90 |    58 ||   219
       Skin              |       |       |       |     5 ||     5
Dodge: Dodged            |    16 |    35 |    79 |    78 ||   208
Block: Buckler           |     9 |    13 |       |       ||    22
       Kite shield       |       |    32 |   111 |   108 ||   251
